AoeStats
← Laszlo

Arabia

506695162Analyzed
1v1 RM · 18d ago on Sep 14, 2026· 26m 53s· 2 players
Game mode
Random Map
Map size
Tiny (2 player)
Population
200
Speed
Normal
Resources
Standard
Victory
Conquest
Starting age
Dark Age
Ending age
Imperial Age
RankedLock teamsTeams togetherTeam positionsShared explorationLock speedFull tech treeHidden civsTurbo modeCheats
Victory
Defeat
🇮🇹 Italians · Italy
699
+13
🇷🇸 Byzantines · Serbia
642
-13
Gamesauro1
0:36 Loom
11:05 Feudal Age
13:09 Wheelbarrow
12:21 Town Watch
12:28 Horse Collar
12:36 Arson
12:53 Double-Bit Axe
14:13 Man-at-Arms
14:49 Gold Mining
21:34 Castle Age
20:06 Stone Mining
20:32 Forging
20:13 Fletching
21:06 Padded Archer Armor
21:14 Scale Mail Armor
22:09 Scale Barding Armor
22:51 Bow Saw
23:02 Husbandry
24:29 Crossbowman
25:16 Thumb Ring
27:26 Squires
Laszlo
9:58 Feudal Age
10:24 Double-Bit Axe
16:13 Horse Collar
20:23 Loom
22:53 Castle Age
20:47 Fletching
20:57 Padded Archer Armor
24:24 Wheelbarrow
26:23 Hand Cart
Connection lost

Rejoining the realm…

Still unreachable

The connection could not be restored.

Session expired

The server has moved on; the page needs a fresh start.